[Event "ISR Youth-Ch Finals 2021 U16"]
[Site "Ramat Hasharon"]
[Date "2021.03.22"]
[Round "4.13"]
[White "Levin, Guy"]
[Black "Rozen, Eytan"]
[Result "1-0"]
[ECO "A30"]
[WhiteElo "2355"]
[BlackElo "2399"]
[Annotator "RC"]
[PlyCount "167"]
[EventDate "2021.03.19"]
[EventType "swiss"]
[EventCountry "ISR"]
[SourceTitle "playchess.com"]
[Source "ChessBase"]
[SourceQuality "1"]
[TimeControl "5400+30"]

1. c4 Nf6 2. Nf3 g6 3. g3 Bg7 4. Bg2 O-O 5. O-O b6 6. Nc3 Bb7 7. Re1 c5 8. e4 Nc6 9. d3 e6 10. Bf4 d5 11. e5 Ne8 12. cxd5 exd5 13. d4 Nc7 14. Qd2 Qd7 15. Rad1 cxd4 16. Ne2 Ne6 17. Nexd4 Ncxd4 18. Nxd4 Nxf4 19. gxf4 Rfe8 20. Qe3 Re7 21. Qg3 Rae8 22. h4 Bc8 23. Ne2 Bb7 24. Bxd5 Bxd5 25. Nc3 Qe6 26. Nxd5 Rd7 27. Nc3 Rxd1 28. Rxd1 f6 29. Nd5 Qf7 30. exf6 Bxf6 31. Nxf6+ Qxf6 32. h5 Kg7 33. Rd7+ Re7 34. h6+ Kf7 35. Qb3+ Ke8 36. Rxe7+ Kxe7 37. Qa3+ Kd8 38. Qxa7 Qe6 39. Kh2 Qd6 40. Qf7 Qc5 41. Qg8+ Kc7 42. Qxh7+ Kb8 43. Qh8+ Ka7 44. Kg3 Qc1 45. Qg7+ Ka6 46. h7 Qg1+ 47. Kf3 Qd1+ 48. Ke4 Qc2+ 49. Ke3 Qc1+ 50. Kd3 Qd1+ 51. Kc4 Qe2+ 52. Kd5 Qb5+ 53. Ke6 Qf5+ 54. Ke7 Qe4+ 55. Kf7 Qd5+ 56. Kxg6 Qe4+ 57. f5 Qg4+ 58. Kf6 Qd4+ 59. Kf7 Qd5+ 60. Kg6 Qg2+ 61. Kf6 Qc6+ 62. Ke5 Qc5+ 63. Ke4 Qc2+ 64. Kf3 Qxf5+ 65. Kg3 Qd3+ 66. f3 Qd6+ 67. f4 Qd3+ 68. Kh4 Qe4 69. h8=Q Qxf4+ 70. Kh5 Qh2+ 71. Kg6 Qg2+ 72. Kh7 Qe4+ 73. Qg6 Qh4+ 74. Kg7 Qe7+ 75. Qf7 Qg5+ 76. Kf8 Qc5+ 77. Qe7 Qc8+ 78. Qe8 Qf5+ 79. Ke7 Qc5+ 80. Kd8 Qg5+ 81. Qe7 Qd5+ 82. Qd7 Qg5+ 83. Kc8 Qc5+ 84. Kb8 1-0

[Event "ISR Youth-Ch Finals 2021 U16"]
[Site "Ramat Hasharon"]
[Date "2021.03.23"]
[Round "5.12"]
[White "Aizenberg, Benny"]
[Black "Levin, Guy"]
[Result "0-1"]
[ECO "B32"]
[WhiteElo "2307"]
[BlackElo "2355"]
[Annotator "ChessBase"]
[PlyCount "100"]
[EventDate "2021.03.19"]
[EventType "swiss"]
[EventCountry "ISR"]
[SourceTitle "playchess.com"]
[Source "ChessBase"]
[SourceQuality "1"]
[TimeControl "5400+30"]

1. e4 c5 2. Nf3 Nc6 3. d4 cxd4 4. Nxd4 e5 5. Nb5 d6 6. N1c3 a6 7. Na3 Be6 8. Nd5 Nf6 9. Nxf6+ gxf6 10. Bc4 Qc7 11. O-O O-O-O 12. Bd5 h5 13. b4 Nxb4 14. c4 Nc6 15. Be3 Bh6 16. Nb5 Qa5 17. Na7+ Kc7 18. Rb1 Bxd5 19. cxd5 Nxa7 20. Bb6+ Qxb6 21. Rxb6 Kxb6 22. Qb3+ Kc7 23. Rb1 b5 24. a4 Rb8 25. Qc3+ Kd7 26. Qa5 bxa4 27. Rxb8 Rxb8 28. g3 Nb5 29. Qxa4 Ra8 30. Qd1 Ke7 31. f4 exf4 32. Qxh5 Bg5 33. h4 Rg8 34. hxg5 Rxg5 35. Qe2 Rxg3+ 36. Kf2 Nc3 37. Qxa6 Nxe4+ 38. Ke2 f5 39. Qa7+ Kf8 40. Qa8+ Kg7 41. Qa1+ Kg6 42. Qh8 f3+ 43. Kf1 f2 44. Qg8+ Kh6 45. Qf8+ Kg5 46. Qg7+ Kf4 47. Qh6+ Ke5 48. Qh8+ f6 49. Ke2 Rg1 50. Ke3 Re1+ 0-1

[Event "ISR Youth-Ch Finals 2021 U16"]
[Site "Ramat Hasharon"]
[Date "2021.03.23"]
[Round "5.16"]
[White "Hoffmann, Yair"]
[Black "Gleizer, Adar"]
[Result "1-0"]
[ECO "D71"]
[WhiteElo "2352"]
[BlackElo "1833"]
[Annotator "ChessBase"]
[PlyCount "77"]
[EventDate "2021.03.19"]
[EventType "swiss"]
[EventCountry "ISR"]
[SourceTitle "playchess.com"]
[Source "ChessBase"]
[SourceQuality "1"]
[TimeControl "5400+30"]

1. c4 Nf6 2. g3 c6 3. d4 g6 4. Bg2 d5 5. Qa4 Be6 6. cxd5 Bxd5 7. Nf3 Nbd7 8. O-O Nb6 9. Qc2 Be4 10. Qd1 Bg7 11. Nc3 O-O 12. Nxe4 Nxe4 13. Qc2 Nd6 14. Rd1 Qc8 15. e4 Qe6 16. Re1 h6 17. b3 f5 18. exf5 Qxf5 19. Qe2 Nd5 20. Bb2 Rae8 21. Ne5 e6 22. Rf1 Kh7 23. Rae1 Bxe5 24. dxe5 Nc8 25. Be4 Qf7 26. Bc1 Nce7 27. Qh5 Qg7 28. Qh3 Nf5 29. g4 Nfe7 30. f4 Rf7 31. Rf3 Rg8 32. Kh1 Qf8 33. Ref1 Nc7 34. Ba3 Ncd5 35. f5 gxf5 36. gxf5 exf5 37. Rxf5 Rxf5 38. Rxf5 Qg7 39. Rf7+ 1-0

[Event "ISR Youth-Ch Finals 2021 U16"]
[Site "Ramat Hasharon"]
[Date "2021.03.24"]
[Round "6.15"]
[White "Zaromb, Charles Irving"]
[Black "Rozen, Eytan"]
[Result "0-1"]
[ECO "B12"]
[WhiteElo "1886"]
[BlackElo "2399"]
[Annotator "RC"]
[PlyCount "104"]
[EventDate "2021.03.19"]
[EventType "swiss"]
[EventCountry "ISR"]
[SourceTitle "playchess.com"]
[Source "ChessBase"]
[SourceQuality "1"]
[TimeControl "5400+30"]

1. e4 c6 2. d4 d5 3. e5 c5 4. dxc5 e6 5. a3 Bxc5 6. Qg4 g6 7. Nf3 Nc6 8. b4 h5 9. Qf4 Bf8 10. Bb2 Bh6 11. Qg3 Nge7 12. Bd3 Nf5 13. Qh3 Bg7 14. O-O g5 15. Bxf5 exf5 16. Qg3 g4 17. Nd4 Nxd4 18. Bxd4 Be6 19. f4 b6 20. Nc3 Qd7 21. Qd3 Rc8 22. Nb5 Rc4 23. Nc3 Qc6 24. Nd1 Rxc2 25. Ne3 Rc4 26. Nxc4 dxc4 27. Qc3 h4 28. Rac1 h3 29. Rf2 hxg2 30. Rxg2 Ke7 31. b5 Qxb5 32. Qb4+ Qxb4 33. axb4 Rd8 34. Rd2 Ke8 35. Ra1 f6 36. Bc3 Rxd2 37. Bxd2 fxe5 38. Bc3 Bf8 39. fxe5 Kd7 40. b5 Bd5 41. Rxa7+ Ke6 42. Bd4 Bc5 43. Bxc5 bxc5 44. Kf2 Kxe5 45. b6 c3 46. Ke3 c4 47. Re7+ Kf6 48. Rd7 f4+ 49. Kd4 c2 50. Kxd5 c1=Q 51. b7 Qb1 52. Kxc4 f3 0-1

[Event "ISR Youth-Ch Finals 2021 U16"]
[Site "Ramat Hasharon"]
[Date "2021.03.24"]
[Round "7.12"]
[White "Hoffmann, Yair"]
[Black "Levin, Guy"]
[Result "1/2-1/2"]
[ECO "A21"]
[WhiteElo "2352"]
[BlackElo "2355"]
[Annotator "RC"]
[PlyCount "101"]
[EventDate "2021.03.19"]
[EventType "swiss"]
[EventCountry "ISR"]
[SourceTitle "playchess.com"]
[Source "ChessBase"]
[SourceQuality "1"]
[TimeControl "5400+30"]

1. c4 e5 2. Nc3 Bb4 3. Nd5 Be7 4. d4 exd4 5. Qxd4 Nf6 6. Nxe7 Qxe7 7. Bg5 Nc6 8. Qc3 Ne5 9. Nf3 d6 10. g3 h6 11. Bxf6 Qxf6 12. Nd4 Nc6 13. Nb5 Qxc3+ 14. Nxc3 Be6 15. b3 O-O-O 16. Bg2 Ne7 17. O-O-O c6 18. h4 d5 19. cxd5 Nxd5 20. Bxd5 Bxd5 21. e4 Be6 22. f3 f6 23. h5 Rxd1+ 24. Kxd1 Rd8+ 25. Kc2 Kd7 26. Ne2 Ke7 27. g4 a5 28. Nf4 a4 29. Re1 axb3+ 30. axb3 Bf7 31. Ra1 Kd6 32. Ne2 Be6 33. Kc3 c5 34. Nf4 Bf7 35. Ne2 Be6 36. Rd1+ Ke7 37. Rxd8 Kxd8 38. b4 cxb4+ 39. Kxb4 Kc7 40. Nd4 Kd6 41. Nxe6 Kxe6 42. f4 Kd6 43. Kb5 Kc7 44. Kc5 Kd7 45. Kd5 Ke7 46. Kc4 Kd6 47. Kb5 Kc7 48. Kc5 Kd7 49. Kd5 Ke7 50. Kc4 Kd6 51. Kb5 1/2-1/2

[Event "ISR Youth-Ch Finals 2021 U16"]
[Site "Ramat Hasharon"]
[Date "2021.03.26"]
[Round "9.1"]
[White "Yaniv, Yuval"]
[Black "Levin, Guy"]
[Result "1-0"]
[ECO "B31"]
[WhiteElo "2272"]
[BlackElo "2355"]
[Annotator "ChessBase"]
[PlyCount "69"]
[EventDate "2021.03.19"]
[EventType "swiss"]
[EventCountry "ISR"]
[SourceTitle "playchess.com"]
[Source "ChessBase"]
[SourceQuality "1"]
[TimeControl "5400+30"]

1. e4 c5 2. Nf3 Nc6 3. Bb5 g6 4. Bxc6 bxc6 5. O-O Bg7 6. Re1 Qc7 7. e5 f6 8. e6 d6 9. c3 Nh6 10. d4 cxd4 11. cxd4 O-O 12. Nc3 Bb7 13. Bxh6 Bxh6 14. h4 c5 15. d5 Qb6 16. Qc2 f5 17. Rad1 Rab8 18. h5 Qb4 19. hxg6 hxg6 20. g3 Rf6 21. Kg2 g5 22. a3 Qa5 23. Rh1 Rbf8 24. Rh5 Rg6 25. Rdh1 Kg7 26. Qd2 Rff6 27. Rxh6 Rxh6 28. Rxh6 Kxh6 29. Qxg5+ Kh7 30. Qh5+ Kg7 31. Ng5 Rg6 32. Qh7+ Kf6 33. Qh8+ Rg7 34. Nh7+ Kg6 35. Nf8+ 1-0

[Event "ISR Youth-Ch Finals 2021 U16"]
[Site "Ramat Hasharon"]
[Date "2021.03.26"]
[Round "9.4"]
[White "Hoffmann, Yair"]
[Black "Shocron, Alon"]
[Result "1-0"]
[ECO "E06"]
[WhiteElo "2352"]
[BlackElo "1945"]
[Annotator "ChessBase"]
[PlyCount "44"]
[EventDate "2021.03.19"]
[EventType "swiss"]
[EventCountry "ISR"]
[SourceTitle "playchess.com"]
[Source "ChessBase"]
[SourceQuality "1"]
[TimeControl "5400+30"]

1. c4 Nf6 2. g3 e6 3. Bg2 d5 4. Nf3 Be7 5. d4 O-O 6. Nc3 dxc4 7. Ne5 c5 8. dxc5 Bxc5 9. Bf4 Qe7 10. O-O Nc6 11. Nxc6 bxc6 12. Qa4 e5 13. Bg5 Be6 14. Qxc6 Rab8 15. Bxf6 gxf6 16. Rab1 Rfd8 17. Rfd1 Rxd1+ 18. Rxd1 Bd4 19. Nd5 Bxd5 20. Bxd5 Rd8 21. e3 Bc5 22. Qb5 Rd7 1-0

[Event "ISR Youth-Ch Finals 2021 U16"]
[Site "Ramat Hasharon"]
[Date "2021.03.26"]
[Round "9.5"]
[White "Rivlin, Shachar"]
[Black "Aizenberg, Benny"]
[Result "0-1"]
[ECO "D87"]
[WhiteElo "1918"]
[BlackElo "2307"]
[Annotator "ChessBase"]
[PlyCount "122"]
[EventDate "2021.03.19"]
[EventType "swiss"]
[EventCountry "ISR"]
[SourceTitle "playchess.com"]
[Source "ChessBase"]
[SourceQuality "1"]
[TimeControl "5400+30"]

1. d4 Nf6 2. c4 g6 3. Nc3 d5 4. cxd5 Nxd5 5. e4 Nxc3 6. bxc3 Bg7 7. Bc4 c5 8. Ne2 Nc6 9. Be3 O-O 10. O-O Bg4 11. f3 Bd7 12. Rb1 Qc7 13. Qd2 Rfd8 14. Rfc1 Be8 15. f4 Rac8 16. Bd3 e6 17. f5 exf5 18. exf5 cxd4 19. cxd4 Qe7 20. Bg5 Bf6 21. Bxf6 Qxf6 22. fxg6 hxg6 23. Rf1 Qe7 24. Rf4 Rd6 25. Rbf1 Nd8 26. Re4 Re6 27. Rff4 Bc6 28. d5 Bxd5 29. Rd4 Qg5 30. Ng3 Nc6 31. Bxg6 Re1+ 32. Qxe1 Nxd4 33. Bxf7+ Bxf7 34. Rxd4 Rc1 35. Rd1 Rxd1 36. Qxd1 Bxa2 37. Qe1 Qg6 38. Qe2 Bd5 39. Nf1 b5 40. Ne3 Qe4 41. Qd2 Bf7 42. Qd8+ Kh7 43. Qg5 b4 44. h4 Qg6 45. Qe5 b3 46. h5 Qxh5 47. Nf5 Qg5 48. Qh2+ Kg6 49. Nh4+ Kg7 50. Qh3 b2 51. Qc3+ Qf6 52. Qg3+ Bg6 53. Qc7+ Kh6 54. Nf5+ Qxf5 55. Qh2+ Kg7 56. Qc7+ Bf7 57. Qg3+ Bg6 58. Qc3+ Qf6 59. Qc7+ Kh6 60. Qh2+ Bh5 61. Qb8 Qb6+ 0-1